 Dungeon Crawl Stone Soup version 0.27-a0-1529-g1e82c303ef (webtiles) character file.

Game seed: 342564569027622041

104 senseless the Chiller (level 4, -6/33 HPs)
             Began as a Draconian Ice Elementalist on July 12, 2021.
             Mangled by Sigmund (9 damage)
             ... on level 2 of the Dungeon.
             The game lasted 00:06:07 (2033 turns).

senseless the Chiller (Draconian Ice Elementalist)  Turns: 2033, Time: 00:06:08

Health: -6/33      AC:  5    Str: 10    XL:     4   Next: 52%
Magic:  0/9        EV: 12    Int: 17    God:
Gold:   66         SH:  0    Dex: 11    Spells: 6/10 levels left

rFire    . . .     SeeInvis .   e - +0 short sword (holy)
rCold    . . .     Faith    .   (no shield)
rNeg     . . .     Spirit   .   (armour unavailable)
rPois    .         Reflect  .   (helmet restricted)
rElec    .         Harm     .   (no cloak)
rCorr    .         Rampage  .   (no gloves)
Will     .....                  (no boots)
Stlth    ++........             (no amulet)
HPRegen  0.11/turn              (no ring)
MPRegen  0.11/turn              (no ring)

@: no status effects
A: AC +5, unfitting armour, cold-blooded
a: no special abilities


You were on level 2 of the Dungeon.
You visited 1 branch of the dungeon, and saw 2 of its levels.

You collected 66 gold pieces.

Inventory:

Hand Weapons
 c - a +0 short sword
 e - a +0 short sword of holy wrath (weapon)
Scrolls
 a - a scroll of blinking {unknown}
 d - a scroll of identify {unknown}
 f - a scroll of vulnerability {unknown}
Potions
 b - a potion of haste {unknown}


   Skills:
 + Level 0.3 Fighting
 + Level 1.8 Dodging
 + Level 2.1 Stealth
 + Level 3.5 Spellcasting
 + Level 4.7 Ice Magic


You had 6 spell levels left.
You knew the following spells:

 Your Spells              Type           Power      Damage    Failure   Level
a - Freeze                Ice            76%        1d9       2%          1
b - Frozen Ramparts       Ice            38%        1d5       7%          3

Your spell library contained the following spells:

 Spells                   Type           Power      Damage    Failure   Level
 Ozocubu's Armour         Ice            19%        N/A       7%          3
 Hailstorm                Conj/Ice       11%        3d5       52%         4


Dungeon Overview and Level Annotations

Branches:
Dungeon (2/15)

Altars:

Annotations:
D:2 Sigmund


Innate Abilities, Weirdness & Mutations

Your plain brown scales are hard. (AC +5)
You cannot fit into any form of body armour.
You are cold-blooded and may be slowed by cold attacks.


Message History

You see here a quokka corpse.
Found a stone staircase leading up.
A giant cockroach comes into view.
The giant cockroach misses you.
You freeze the giant cockroach!
You kill the giant cockroach!
Sigmund the Dreaded comes into view.
He is wielding a +3 antimagic scythe.
Sigmund shouts!
Sigmund hits you from afar with a +3 antimagic scythe!
You feel your power leaking away.
Casting: Freeze (safe; 2% risk of failure)
Confirm with . or Enter, or press ? or * to list all spells.
The spell is quite dangerous to cast (7% risk of failure)!
Continue anyway?
Casting: Frozen Ramparts (quite dangerous; 7% risk of failure)
Press: ? - help, Dir - look around, f - activate The walls around you are covered in ice.
The wall freezes Sigmund.
Sigmund misses you.
The wall freezes Sigmund.
Sigmund misses you.
The wall freezes Sigmund.
Sigmund hits you from afar with a +3 antimagic scythe.
The wall freezes Sigmund.
Sigmund hits you from afar with a +3 antimagic scythe!
You feel your power leaking away.
Your frozen ramparts will break if you move.
Continue?
The frozen ramparts melt away as you move.
You are too injured to fight recklessly!
Casting: Frozen Ramparts (quite dangerous; 7% risk of failure)
Confirm with . or Enter, or press ? or * to list all spells.
Aiming: Freeze (safe; 2% risk of failure)
Press: ? - help, Shift-Dir - straight line, f - Sigmund
Aim: Sigmund, wielding a +3 antimagic scythe and wearing a +0 robe (heavily wounded)
You freeze Sigmund.
Sigmund is severely wounded.
Sigmund gestures wildly while chanting.
Sigmund flickers and vanishes!
Deactivating autopickup; reactivate with Ctrl-A.
You hit something. Something hits you!
* * * LOW HITPOINT WARNING * * *
You barely miss something. Something hits you!
You die...

#.#.####..#
#####.#.#.. #.#
......#.#.# #.#
#######.#.# # #.# #
#.#.###.#.#.#
#######.#.....#.#.###
...............<....
#######.#########{#
#.........@.#
###########.# ###


There were no monsters in sight!

Vanquished Creatures
  2 orc wizards (D:2)
  2 adders (D:2)
  A worm (D:2)
  A dart slug (D:2)
  2 orcs (D:2)
  4 bats (D:2)
  3 giant cockroaches
  4 goblins
  3 hobgoblins
  2 jackals (D:1)
  3 kobolds
  3 quokkas
  5 ball pythons
  3 rats (D:1)
38 creatures vanquished.

Notes
Turn   | Place    | Note
-------+----------+-------------------------------------------
     0 | D:1      | senseless the Draconian Ice Elementalist began the quest
                  | for the Orb.
     0 | D:1      | Reached XP level 1. HP: 14/14 MP: 3/3
   265 | D:1      | Reached XP level 2. HP: 20/20 MP: 1/5
   955 | D:2      | Reached XP level 3. HP: 21/26 MP: 2/6
  1061 | D:2      | Learned a level 3 spell: Frozen Ramparts
  1237 | D:2      | Found a faded altar of an unknown god.
  1414 | D:2      | Reached XP level 4. HP: 33/33 MP: 2/9
  2025 | D:2      | Noticed Sigmund
  2033 | D:2      | Mangled by Sigmund

Illustrated notes

Levels and vault maps discovered:
D:1:      evilmike_arrival_crescent, layout_rooms,
          minmay_misc_feat_four_crosses, minmay_misc_feat_columns,
          minmay_misc_feat_pillars, minmay_misc_feat_hallway
D:2:      layout_basic, hellmonk_ecumenical_altar_zigzags, uniq_sigmund

Skill      XL: |  1  2  3 |
---------------+----------+-----
Stealth        | 2 |  2.1
Spellcasting   | 3 |  3.5
Fighting       | |  0.3
Dodging        | |  1.8
Ice Magic      | |  4.7

Action                   |  1- 3 |  4- 6 || total
-------------------------+-------+-------++-------
Melee: Unarmed           |     5 |       ||     5
       Short sword       |     2 |     2 ||     4
       Tailslap          |     1 |       ||     1
 Cast: Freeze            |    45 |    12 ||    57
       Frozen Ramparts   |     2 |     1 ||     3
Armor: Skin              |     7 |       ||     7
Dodge: Dodged            |    30 |     4 ||    34

Table legend: (Time is in decaauts)
 A = Elapsed time spent in this place.
 B = Non-inter-level travel time spent in this place.
 C = Inter-level travel time spent in this place.
 D = Time resting spent in this place.
 E = Time spent auto-exploring this place.
 F = Levels seen in this place.
 G = Mean time per level.
                   A        B        C        D        E       F      G
               +--------+--------+--------+--------+--------+-----+--------+
         Total |   2032 |   2013 |     19 |     20 |   1735 |   2 | 1016.0 |
       Dungeon |   2032 |   2013 |     19 |     20 |   1735 |   2 | 1016.0 |
               +--------+--------+--------+--------+--------+-----+--------+

Top non-repeatable levels by time:
     D:2: 1243 daAuts
     D:1: 789 daAuts
